[Event "FIDE WYCC Open U18 2023"]
[Site "Montesilvano"]
[Date "2023.11.22"]
[Round "9.11"]
[White "Lamaze, Simon"]
[Black "Sahakyan, Aleks"]
[Result "1-0"]
[ECO "D46"]
[WhiteElo "2415"]
[BlackElo "2303"]
[Annotator "RC"]
[PlyCount "137"]
[EventDate "2023.11.13"]
[EventType "swiss"]
[EventCountry "ITA"]
[SourceTitle "playchess.com"]
[Source "ChessBase"]
[SourceQuality "1"]
[TimeControl "40/5400+30:1800+30"]

1. d4 Nf6 2. c4 e6 3. Nf3 d5 4. Nc3 c6 5. e3 Nbd7 6. Qc2 Bd6 7. Bd3 dxc4 8. Bxc4 b5 9. Be2 Bb7 10. O-O O-O 11. e4 e5 12. dxe5 Nxe5 13. Nd4 Bc5 14. Nf5 Qc7 15. h3 Ng6 16. Na4 bxa4 17. Qxc5 Nxe4 18. Qd4 Qe5 19. Qxe5 Nxe5 20. Re1 Nf6 21. Nd6 Rab8 22. Nxb7 Rxb7 23. Be3 Ng6 24. Bc5 Rd8 25. Rad1 Nd5 26. Ba3 Ngf4 27. Bf1 Ne6 28. Re4 Rbd7 29. Rxa4 Nb6 30. Rxd7 Rxd7 31. Re4 h6 32. g3 Rd1 33. Kg2 c5 34. b3 Ra1 35. Re2 c4 36. bxc4 Nxc4 37. Bb4 Rb1 38. Bc3 Rc1 39. Be1 Nb6 40. Bd2 Rc2 41. Be3 Rxe2 42. Bxe2 Kf8 43. f4 Ke7 44. f5 Nc7 45. Bd4 g6 46. fxg6 fxg6 47. Be3 h5 48. Kf3 Ncd5 49. Bd2 Kd6 50. Ke4 Nd7 51. Kd4 Ne5 52. Bd1 Nc6+ 53. Ke4 Nd8 54. Bb3 Nf6+ 55. Kf3 Nd5 56. Bc2 Nc6 57. Ke4 Nd8 58. Bc1 Nf6+ 59. Kf3 Nc6 60. Kf4 Ne5 61. Kg5 Nd5 62. Bxg6 h4 63. Ba3+ Ke6 64. Bf5+ Kf7 65. Kxh4 Kf6 66. g4 Nc3 67. Bc2 Nf3+ 68. Kg3 Nd4 69. Bb2 1-0

[Event "FIDE WYCC Open U18 2023"]
[Site "Montesilvano"]
[Date "2023.11.22"]
[Round "9.12"]
[White "Davtyan, Arsen"]
[Black "Silva, Pedro Gil Ferreira D"]
[Result "1/2-1/2"]
[ECO "E11"]
[WhiteElo "2406"]
[BlackElo "2203"]
[Annotator "RC"]
[PlyCount "99"]
[EventDate "2023.11.13"]
[EventType "swiss"]
[EventCountry "ITA"]
[SourceTitle "playchess.com"]
[Source "ChessBase"]
[SourceQuality "1"]
[TimeControl "40/5400+30:1800+30"]

1. d4 Nf6 2. c4 e6 3. Nf3 Bb4+ 4. Bd2 a5 5. a3 Bxd2+ 6. Qxd2 d6 7. Nc3 Nbd7 8. e4 e5 9. Bd3 O-O 10. O-O exd4 11. Nxd4 Nc5 12. Bc2 Re8 13. f3 a4 14. Rad1 c6 15. Qf2 Qb6 16. Bb1 Be6 17. Nxe6 Rxe6 18. Rd2 Nfd7 19. Rfd1 Ne5 20. Ba2 Qa6 21. Rxd6 Rxd6 22. Rxd6 Nxc4 23. Bxc4 Qxc4 24. Rd4 Qe6 25. h3 h6 26. f4 Qe7 27. e5 Ne6 28. Rxa4 Rd8 29. Re4 Qc5 30. Qxc5 Nxc5 31. Re2 Rd4 32. g3 h5 33. h4 Rd3 34. Kf2 g6 35. Ne4 Nxe4+ 36. Rxe4 Rd2+ 37. Re2 Rd3 38. Kg2 Kf8 39. Kh3 Rb3 40. Rf2 Ke7 41. f5 gxf5 42. Rxf5 Rxb2 43. Rxh5 Ke6 44. Kg4 c5 45. Kf4 Rf2+ 46. Ke4 Re2+ 47. Kd3 Ra2 48. Ke4 Re2+ 49. Kd3 Ra2 50. Ke4 1/2-1/2

[Event "FIDE WYCC Open U18 2023"]
[Site "Montesilvano"]
[Date "2023.11.22"]
[Round "9.13"]
[White "Liu, Casper"]
[Black "Dzida, Kamil"]
[Result "0-1"]
[ECO "D02"]
[WhiteElo "2260"]
[BlackElo "2399"]
[Annotator "RC"]
[PlyCount "52"]
[EventDate "2023.11.13"]
[EventType "swiss"]
[EventCountry "ITA"]
[SourceTitle "playchess.com"]
[Source "ChessBase"]
[SourceQuality "1"]
[TimeControl "40/5400+30:1800+30"]

1. d4 Nf6 2. Nf3 d5 3. Bf4 e6 4. e3 c5 5. Nbd2 Bd6 6. Bg3 O-O 7. c3 Qc7 8. dxc5 Qxc5 9. Bd3 Nbd7 10. c4 dxc4 11. Nxc4 Qb4+ 12. Kf1 Bb8 13. Rc1 b6 14. a3 Qe7 15. Nd6 Nc5 16. Nxc8 Rxc8 17. Bh4 Rd8 18. Nd4 Nxd3 19. Qxd3 Be5 20. Bg3 Bxg3 21. hxg3 Qd7 22. Qb3 Rac8 23. Ke2 Ne4 24. Rhd1 Rxc1 25. Rxc1 e5 26. Nf3 Nd2 0-1

[Event "FIDE WYCC Open U18 2023"]
[Site "Montesilvano"]
[Date "2023.11.22"]
[Round "9.14"]
[White "Olsson, William"]
[Black "Schouten, Mathias Lind"]
[Result "1-0"]
[ECO "A31"]
[WhiteElo "2372"]
[BlackElo "2175"]
[Annotator "RC"]
[PlyCount "113"]
[EventDate "2023.11.13"]
[EventType "swiss"]
[EventCountry "ITA"]
[SourceTitle "playchess.com"]
[Source "ChessBase"]
[SourceQuality "1"]
[TimeControl "40/5400+30:1800+30"]

1. c4 g6 2. Nc3 Bg7 3. d4 c5 4. e3 cxd4 5. exd4 Nf6 6. Nf3 O-O 7. d5 e5 8. Be2 d6 9. O-O Ne8 10. Ne1 f5 11. f3 f4 12. Nd3 b6 13. Bd2 a5 14. a3 Ba6 15. Nf2 Nd7 16. Nce4 Rc8 17. Rc1 Nc5 18. b4 axb4 19. axb4 Nxe4 20. fxe4 Nf6 21. Bd3 Rc7 22. Qe2 Nd7 23. Rc3 h5 24. Rfc1 Bh6 25. Qd1 Qc8 26. Be2 Kh7 27. R1c2 Nf6 28. Bc1 Rff7 29. Ba3 Bf8 30. Kh1 Kh6 31. Bd3 Kh7 32. Qe2 Ng4 33. Nd1 Qd8 34. Qe1 f3 35. gxf3 Rxf3 36. Be2 Rxc3 37. Rxc3 Qg5 38. Bc1 Qf6 39. h3 Nh6 40. Qg3 Be7 41. Qe3 Qf4 42. Qxf4 exf4 43. Bxf4 Nf7 44. Be3 Bf6 45. Rc2 Re7 46. Nf2 Ng5 47. Bd3 Bc8 48. Bxb6 Nxh3 49. Nxh3 Bxh3 50. Bd8 Rf7 51. Bxf6 Rxf6 52. c5 dxc5 53. bxc5 Rf3 54. Rd2 Kg7 55. c6 Kf6 56. d6 Ke6 57. Bc4+ 1-0

[Event "FIDE WYCC Open U18 2023"]
[Site "Montesilvano"]
[Date "2023.11.22"]
[Round "9.15"]
[White "Wong, Zhenyong Jayden"]
[Black "Krivenko, Dion"]
[Result "1-0"]
[ECO "E68"]
[WhiteElo "2356"]
[BlackElo "2218"]
[Annotator "RC"]
[PlyCount "73"]
[EventDate "2023.11.13"]
[EventType "swiss"]
[EventCountry "ITA"]
[SourceTitle "playchess.com"]
[Source "ChessBase"]
[SourceQuality "1"]
[TimeControl "40/5400+30:1800+30"]

1. d4 Nf6 2. c4 g6 3. g3 Bg7 4. Bg2 O-O 5. Nc3 d6 6. Nf3 Nbd7 7. O-O e5 8. e4 c6 9. Be3 Qa5 10. d5 c5 11. Qc2 h6 12. a3 a6 13. b4 Qc7 14. Qb3 Ng4 15. Bd2 f5 16. Nh4 cxb4 17. axb4 Nb6 18. c5 dxc5 19. bxc5 Qxc5 20. h3 Nc4 21. Rad1 Nf6 22. Nxg6 Re8 23. Bc1 fxe4 24. d6 Be6 25. Ne7+ Kf7 26. Nxe4 Qb6 27. Qf3 Rxe7 28. dxe7 Kxe7 29. Bxh6 Nxe4 30. Bxg7 Ncd2 31. Rxd2 Nxd2 32. Qf6+ Kd7 33. Rd1 Qd6 34. Bh6 Kc7 35. Rxd2 Qb6 36. Qxe5+ Kc8 37. Qh8+ 1-0

[Event "FIDE WYCC Open U18 2023"]
[Site "Montesilvano"]
[Date "2023.11.22"]
[Round "9.16"]
[White "Mierins, Emils Janis"]
[Black "Galaviz Medina, Sion Radamantys"]
[Result "0-1"]
[ECO "E01"]
[WhiteElo "2208"]
[BlackElo "2461"]
[Annotator "RC"]
[PlyCount "74"]
[EventDate "2023.11.13"]
[EventType "swiss"]
[EventCountry "ITA"]
[SourceTitle "playchess.com"]
[Source "ChessBase"]
[SourceQuality "1"]
[TimeControl "40/5400+30:1800+30"]

1. d4 Nf6 2. c4 e6 3. Nf3 d5 4. g3 h6 5. Bg2 Bd6 6. O-O O-O 7. Qc2 b6 8. cxd5 exd5 9. Nc3 Bb7 10. Nb5 Qd7 11. a4 Nc6 12. Bd2 Rfe8 13. e3 Ne4 14. Rfc1 Bf8 15. Be1 Rac8 16. Bf1 Qf5 17. Nh4 Qe6 18. Ng2 g5 19. f3 Nd6 20. Bd3 Qf6 21. Qf2 a6 22. Nxd6 Bxd6 23. Bc3 Nb4 24. Bb1 a5 25. Rd1 Re7 26. g4 Rce8 27. Bf5 Bc8 28. Bxc8 Rxc8 29. Rd2 Rce8 30. Re1 Qg6 31. Qf1 Nc2 32. Rxc2 Qxc2 33. Qb5 Re6 34. Qxd5 Rf6 35. Qb5 c6 36. Qxb6 Rxf3 37. Qxc6 Qf2+ 0-1

[Event "FIDE WYCC Open U18 2023"]
[Site "Montesilvano"]
[Date "2023.11.22"]
[Round "9.17"]
[White "Unneland, Mathias"]
[Black "Kostolansky, Sebastian Lukas"]
[Result "1/2-1/2"]
[ECO "B48"]
[WhiteElo "2197"]
[BlackElo "2427"]
[Annotator "RC"]
[PlyCount "85"]
[EventDate "2023.11.13"]
[EventType "swiss"]
[EventCountry "ITA"]
[SourceTitle "playchess.com"]
[Source "ChessBase"]
[SourceQuality "1"]
[TimeControl "40/5400+30:1800+30"]

1. e4 c5 2. Nf3 e6 3. d4 cxd4 4. Nxd4 Nc6 5. Nc3 Qc7 6. Be3 a6 7. Qf3 Nf6 8. O-O-O Ne5 9. Qg3 b5 10. f4 Neg4 11. Bg1 h5 12. e5 b4 13. Na4 Nd5 14. h3 Nh6 15. f5 Bb7 16. Bd3 Be7 17. Kb1 h4 18. Qe1 Nf4 19. Be4 Nxg2 20. Bxg2 Bxg2 21. Rh2 Bc6 22. Nxc6 Qxc6 23. Nb6 Rd8 24. f6 gxf6 25. exf6 Bc5 26. Nd5 Nf5 27. Bxc5 Qxc5 28. Rf2 Ng3 29. Nxb4 a5 30. Nd3 Qb6 31. Rf4 d5 32. Ne5 Qc7 33. Rxh4 Rxh4 34. Qxg3 Rh8 35. Qg7 Qxe5 36. Qxh8+ Kd7 37. Qg7 Qh5 38. Rd3 Rc8 39. a3 Kd6 40. Qg1 Qe2 41. Qb6+ Rc6 42. Qb8+ Kd7 43. Qb7+ 1/2-1/2

[Event "FIDE WYCC Open U18 2023"]
[Site "Montesilvano"]
[Date "2023.11.22"]
[Round "9.18"]
[White "Khoder, Akram"]
[Black "Amilal Munkhdalai"]
[Result "0-1"]
[ECO "E04"]
[WhiteElo "2191"]
[BlackElo "2404"]
[Annotator "RC"]
[PlyCount "76"]
[EventDate "2023.11.13"]
[EventType "swiss"]
[EventCountry "ITA"]
[SourceTitle "playchess.com"]
[Source "ChessBase"]
[SourceQuality "1"]
[TimeControl "40/5400+30:1800+30"]

1. d4 Nf6 2. c4 e6 3. g3 d5 4. Bg2 dxc4 5. Nf3 a6 6. O-O Nc6 7. Nbd2 Nxd4 8. Nxc4 Nxf3+ 9. Bxf3 Bd6 10. Bg2 Bf8 11. Bf3 Bd6 12. Bg2 Bf8 13. Bf3 Bd6 14. Qb3 O-O 15. Na5 Qd7 16. Rd1 e5 17. Bxb7 Bxb7 18. Qxb7 Qa4 19. Nb3 e4 20. Rd4 Qd7 21. Rc4 Qa4 22. Rd4 Qd7 23. Rc4 Qa4 24. Rd4 Qd7 25. Rc4 Qh3 26. Nd2 Qd7 27. Nb3 Qh3 28. Nd2 Qd7 29. Nb3 Qh3 30. Nd2 Rab8 31. Nb3 Ra8 32. Nd2 Rab8 33. Nb3 Ra8 34. Nd2 Rab8 35. Qa7 Rb5 36. Nf1 Ng4 37. Qd4 Re8 38. f4 exf3 0-1

[Event "FIDE WYCC Open U18 2023"]
[Site "Montesilvano"]
[Date "2023.11.22"]
[Round "9.19"]
[White "Paduano, Claudio"]
[Black "Novosel, Lovro"]
[Result "0-1"]
[ECO "D43"]
[WhiteElo "2188"]
[BlackElo "2375"]
[Annotator "RC"]
[PlyCount "188"]
[EventDate "2023.11.13"]
[EventType "swiss"]
[EventCountry "ITA"]
[SourceTitle "playchess.com"]
[Source "ChessBase"]
[SourceQuality "1"]
[TimeControl "40/5400+30:1800+30"]

1. d4 Nf6 2. c4 e6 3. Nf3 d5 4. Nc3 c6 5. Bg5 h6 6. Bxf6 Qxf6 7. Qb3 dxc4 8. Qxc4 Nd7 9. Rd1 g6 10. Qd3 Bg7 11. e4 O-O 12. e5 Qe7 13. Be2 Qf6 14. Bf1 Qe7 15. Be2 Qb4 16. O-O Qxb2 17. Ne4 Qb6 18. Nc3 Qb2 19. Ne4 Qb6 20. Nc3 Qb2 21. Ne4 Qb6 22. Rb1 Qc7 23. h4 Rd8 24. Qa3 Nb6 25. h5 g5 26. Rbd1 Nd5 27. Rb1 Nb6 28. Rbd1 Nd5 29. g3 Qe7 30. Qc1 Bd7 31. Nh2 c5 32. Nxc5 Rac8 33. Qb2 Bc6 34. Ng4 Kf8 35. Nh2 Kg8 36. Ng4 Kf8 37. Rfe1 b6 38. Ne4 Qb4 39. Qa1 Qe7 40. Qb2 Qb4 41. Qa1 Ne7 42. Nd6 Nd5 43. Ne4 Ne7 44. Nd6 Rc7 45. a3 Qa5 46. Ne3 Rcd7 47. Qb1 Nc8 48. Ndc4 Qa4 49. Qc1 Bb7 50. Qc3 Qc6 51. f3 Kg8 52. Qb2 Kf8 53. Qc3 Kg8 54. Qb2 Qa4 55. Qc3 Qc6 56. Qb2 Qa4 57. Qc3 Rc7 58. Qa1 Kf8 59. Qc3 Kg8 60. Qa1 Bf8 61. Qc3 Bg7 62. Qa1 Bf8 63. Qb1 Rcd7 64. Qc1 Qc6 65. Qc3 Bg7 66. Qb2 Qa4 67. Qc3 Rc7 68. Qa1 Bf8 69. Qb2 Bg7 70. Qa1 Bf8 71. Qb2 Bg7 72. Qa1 Bf8 73. Qb2 Bg7 74. Qa1 Bf8 75. Ng4 Bg7 76. Nce3 Ne7 77. Nc4 Nc8 78. Nce3 Ne7 79. Nc4 Nc8 80. Nce3 Ne7 81. Nc4 Nc8 82. Nce3 Ne7 83. Qb2 Nd5 84. Qa1 Ne7 85. Qb2 Nd5 86. Nxd5 Bxd5 87. Rc1 Bb7 88. Rcd1 Bd5 89. Rc1 Rdc8 90. Rxc7 Rxc7 91. Ne3 Qc6 92. Kf2 Bf8 93. f4 Be7 94. f5 Be4 0-1

[Event "FIDE WYCC Open U18 2023"]
[Site "Montesilvano"]
[Date "2023.11.22"]
[Round "9.20"]
[White "Pozzari, Simone"]
[Black "Talibov, Shiroghlan"]
[Result "0-1"]
[ECO "B22"]
[WhiteElo "2186"]
[BlackElo "2362"]
[Annotator "RC"]
[PlyCount "78"]
[EventDate "2023.11.13"]
[EventType "swiss"]
[EventCountry "ITA"]
[SourceTitle "playchess.com"]
[Source "ChessBase"]
[SourceQuality "1"]
[TimeControl "40/5400+30:1800+30"]

1. e4 c5 2. Nf3 Nc6 3. c3 Nf6 4. e5 Nd5 5. d4 cxd4 6. Bc4 Nb6 7. Bb3 d5 8. exd6 Qxd6 9. O-O Be6 10. Bxe6 Qxe6 11. Nxd4 Nxd4 12. Qxd4 Rd8 13. Qb4 Qc4 14. Qa5 Qa4 15. Qe5 Qc4 16. Qa5 Qa4 17. Qe5 Nd7 18. Qe2 Nf6 19. Qe5 Nd7 20. Qe2 Nf6 21. Be3 e6 22. Nd2 Be7 23. Nb1 Bf8 24. Nd2 Be7 25. b3 Qa5 26. Bd4 O-O 27. Nc4 Qa6 28. a4 Nd5 29. b4 Qc6 30. b5 Qc7 31. Be5 Qc8 32. a5 f6 33. Bd4 e5 34. Bxa7 Nxc3 35. Qf3 Qxc4 36. Qxb7 Bb4 37. b6 e4 38. a6 Bc5 39. Qc6 Bxf2+ 0-1

[Event "FIDE WYCC Open U18 2023"]
[Site "Montesilvano"]
[Date "2023.11.22"]
[Round "9.21"]
[White "Melian, Juan Sebastian"]
[Black "Chinguun Bayaraa"]
[Result "0-1"]
[ECO "B00"]
[WhiteElo "2291"]
[BlackElo "2193"]
[Annotator "RC"]
[PlyCount "72"]
[EventDate "2023.11.13"]
[EventType "swiss"]
[EventCountry "ITA"]
[SourceTitle "playchess.com"]
[Source "ChessBase"]
[SourceQuality "1"]
[TimeControl "40/5400+30:1800+30"]

1. Nf3 b6 2. e4 Bb7 3. Nc3 e6 4. d4 Bb4 5. Bd3 d5 6. exd5 Bxd5 7. O-O Bb7 8. Qe2 Nf6 9. Bg5 O-O 10. Rad1 h6 11. Bxf6 Qxf6 12. Ne4 Qe7 13. Ne5 Nd7 14. f4 Bd6 15. Bb5 Bxe5 16. fxe5 Nxe5 17. dxe5 Bxe4 18. Kh1 Bg6 19. Rd7 Qc5 20. c4 a6 21. Ba4 Qa5 22. Bb3 Rad8 23. Rfd1 Rxd7 24. Rxd7 Qc5 25. Ba4 Rb8 26. a3 b5 27. cxb5 axb5 28. Bb3 Qc1+ 29. Rd1 Qg5 30. Re1 c5 31. Bd1 c4 32. Qf2 Rd8 33. Bf3 Rd2 34. Qb6 Rxb2 35. a4 c3 36. Qd4 Qd2 0-1

[Event "FIDE WYCC Open U18 2023"]
[Site "Montesilvano"]
[Date "2023.11.22"]
[Round "9.22"]
[White "Brnusak, Tomas"]
[Black "Stepanencu, Nicodim-Cosmin"]
[Result "1-0"]
[ECO "B94"]
[WhiteElo "2171"]
[BlackElo "2289"]
[Annotator "RC"]
[PlyCount "147"]
[EventDate "2023.11.13"]
[EventType "swiss"]
[EventCountry "ITA"]
[SourceTitle "playchess.com"]
[Source "ChessBase"]
[SourceQuality "1"]
[TimeControl "40/5400+30:1800+30"]

1. e4 c5 2. Nf3 d6 3. d4 cxd4 4. Nxd4 Nf6 5. Nc3 a6 6. Bg5 Nbd7 7. f4 Qa5 8. Qd2 e6 9. O-O-O Be7 10. Kb1 Qc7 11. g4 b5 12. Bxf6 gxf6 13. Bg2 Bb7 14. Rhe1 Nc5 15. a3 O-O-O 16. Bf3 Qb6 17. b4 Nd7 18. Qe3 Rhe8 19. Nb3 Kb8 20. Na5 Ba8 21. Qd3 Rc8 22. Ne2 Red8 23. Rc1 Nc5 24. Qd4 d5 25. e5 Na4 26. Qxb6+ Nxb6 27. Nd4 Na4 28. Nab3 fxe5 29. Rxe5 Bd6 30. Rh5 Bxf4 31. Rxh7 Bxc1 32. Kxc1 Rh8 33. Rxf7 e5 34. Ne6 e4 35. Bd1 Bb7 36. Na5 Bc6 37. g5 Be8 38. Rb7+ Ka8 39. Nc7+ Rxc7 40. Rxc7 Kb8 41. Re7 Nc3 42. Bg4 d4 43. Nb3 d3 44. cxd3 exd3 45. Nc5 Bc6 46. Nxa6+ Ka8 47. Nc5 Kb8 48. Na6+ Ka8 49. Kd2 Ne4+ 50. Kxd3 Nf2+ 51. Kd4 Nxg4 52. Kc5 Bb7 53. Nc7+ Kb8 54. Re8+ Rxe8 55. Nxe8 Ne5 56. h4 Bf3 57. Nf6 Be2 58. h5 Kb7 59. g6 Bxh5 60. Nxh5 Nxg6 61. Kxb5 Ne5 62. Nf6 Nc6 63. a4 Na7+ 64. Kc5 Nc6 65. b5 Ne5 66. a5 Nd3+ 67. Kd4 Nf4 68. Ne4 Ne6+ 69. Kd5 Nc7+ 70. Kc4 Na8 71. Nd6+ Kb8 72. b6 Nc7 73. bxc7+ Ka7 74. Kb5 1-0

[Event "FIDE WYCC Open U18 2023"]
[Site "Montesilvano"]
[Date "2023.11.22"]
[Round "9.24"]
[White "Chen, Hongsen"]
[Black "Dreelinck, Adriaan"]
[Result "1/2-1/2"]
[ECO "E83"]
[WhiteElo "2061"]
[BlackElo "2264"]
[Annotator "RC"]
[PlyCount "93"]
[EventDate "2023.11.13"]
[EventType "swiss"]
[EventCountry "ITA"]
[SourceTitle "playchess.com"]
[Source "ChessBase"]
[SourceQuality "1"]
[TimeControl "40/5400+30:1800+30"]

1. d4 Nf6 2. c4 g6 3. f3 Bg7 4. e4 d6 5. Nc3 O-O 6. Be3 Nc6 7. Qd2 a6 8. O-O-O b5 9. h4 Nh5 10. Nge2 Na5 11. b3 bxc4 12. b4 Nc6 13. a3 e5 14. d5 Na7 15. Qa2 Bd7 16. Qxc4 Qb8 17. g4 Nf4 18. Nxf4 exf4 19. Bd4 Be5 20. Bxe5 dxe5 21. Qc5 Nb5 22. Bxb5 axb5 23. Qe7 Rxa3 24. Kb2 Qa7 25. Ra1 Qf2+ 26. Kxa3 Qc2 27. Qxf8+ Kxf8 28. Rac1 Qf2 29. Rhf1 Qxh4 30. Nb1 Qh3 31. Nd2 Qg2 32. Rc2 h5 33. gxh5 gxh5 34. Rd1 h4 35. Rxc7 Qe2 36. Rcc1 h3 37. Kb3 h2 38. Kc2 f5 39. Re1 Qg2 40. exf5 Bxf5+ 41. Kc3 Kf7 42. Rcd1 Kf6 43. d6 Ke6 44. d7 Kxd7 45. Rxe5 Qg7 46. Kb3 Be6+ 47. Ka3 1/2-1/2

[Event "FIDE WYCC Open U18 2023"]
[Site "Montesilvano"]
[Date "2023.11.22"]
[Round "9.25"]
[White "Jiang, Qinyu"]
[Black "Jovanovski, Teodor"]
[Result "1/2-1/2"]
[ECO "C07"]
[WhiteElo "2247"]
[BlackElo "2140"]
[Annotator "RC"]
[PlyCount "90"]
[EventDate "2023.11.13"]
[EventType "swiss"]
[EventCountry "ITA"]
[SourceTitle "playchess.com"]
[Source "ChessBase"]
[SourceQuality "1"]
[TimeControl "40/5400+30:1800+30"]

1. e4 e6 2. d4 d5 3. Nd2 c5 4. Ngf3 cxd4 5. exd5 Qxd5 6. Bc4 Qd7 7. O-O Nc6 8. Nb3 a6 9. Nbxd4 Nxd4 10. Nxd4 Qc7 11. b3 Bd6 12. Re1 Ne7 13. Bb2 O-O 14. Qh5 Ng6 15. Rad1 Qc5 16. Qxc5 Bxc5 17. a4 Rd8 18. h4 Bd7 19. g3 Ne7 20. Bf1 Nc6 21. Bg2 Kf8 22. h5 Rac8 23. c4 Bb4 24. Re3 Nxd4 25. Bxd4 Bc6 26. Bxc6 bxc6 27. Red3 Be7 28. Kf1 f6 29. Bb6 Rxd3 30. Rxd3 Ke8 31. c5 Rb8 32. Ke2 Rb7 33. f4 Rd7 34. Rxd7 Kxd7 35. Kd3 f5 36. Kc4 Bf6 37. Ba5 g6 38. Bc3 Bd8 39. hxg6 hxg6 40. b4 g5 41. Be5 gxf4 42. gxf4 Bh4 43. b5 axb5+ 44. axb5 Bf2 45. Bd6 Be3 1/2-1/2

[Event "FIDE WYCC Open U18 2023"]
[Site "Montesilvano"]
[Date "2023.11.22"]
[Round "9.26"]
[White "Loftgaard, Mikkel Vinh"]
[Black "Kenbeilov, Timur"]
[Result "0-1"]
[ECO "B22"]
[WhiteElo "2225"]
[BlackElo "2044"]
[Annotator "RC"]
[PlyCount "110"]
[EventDate "2023.11.13"]
[EventType "swiss"]
[EventCountry "ITA"]
[SourceTitle "playchess.com"]
[Source "ChessBase"]
[SourceQuality "1"]
[TimeControl "40/5400+30:1800+30"]

1. e4 c5 2. c3 Nf6 3. e5 Nd5 4. d4 cxd4 5. Nf3 d6 6. cxd4 Nc6 7. Bc4 Nb6 8. Bb5 dxe5 9. Nxe5 Bd7 10. Bxc6 Bxc6 11. O-O e6 12. Nc3 Be7 13. Qg4 Bf6 14. Re1 h5 15. Qe2 Qxd4 16. Nxc6 bxc6 17. Be3 Qc4 18. Qf3 Bxc3 19. bxc3 Qd5 20. Qg3 h4 21. Qxg7 O-O-O 22. Bxb6 Rhg8 23. c4 Qf3 24. gxf3 Rxg7+ 25. Kf1 axb6 26. Re4 h3 27. Rh4 Rg5 28. Rxh3 Rd4 29. Rc1 Rc5 30. Rh7 Rf4 31. h4 Rxf3 32. Kg2 Rf6 33. h5 Rg5+ 34. Kf1 Kc7 35. Rc3 Rgf5 36. Rc2 Kd6 37. Rh8 Kc5 38. Kg2 Rg5+ 39. Kh3 Rf4 40. Rh7 Rf3+ 41. Kh4 Rg2 42. h6 Rh2+ 43. Kg4 Rf6 44. Kg5 Rg6+ 45. Kf4 Rh4+ 46. Ke5 Rh5+ 47. Ke4 Rf6 48. Rh8 Rh4+ 49. Ke3 Rh3+ 50. Ke4 Rh4+ 51. Ke3 Rhxh6 52. Rb8 Rh3+ 53. Ke4 Rhf3 54. Rb2 R6f4+ 55. Ke5 Rxc4 0-1

[Event "FIDE WYCC Open U18 2023"]
[Site "Montesilvano"]
[Date "2023.11.22"]
[Round "9.27"]
[White "Ismail, Mohammed Aayan"]
[Black "Tadic, Stefan"]
[Result "0-1"]
[ECO "A00"]
[WhiteElo "2143"]
[BlackElo "2407"]
[Annotator "RC"]
[PlyCount "82"]
[EventDate "2023.11.13"]
[EventType "swiss"]
[EventCountry "ITA"]
[SourceTitle "playchess.com"]
[Source "ChessBase"]
[SourceQuality "1"]
[TimeControl "40/5400+30:1800+30"]

1. b4 e5 2. a3 d5 3. Bb2 Bd6 4. c4 dxc4 5. Qc2 Be6 6. e3 Nd7 7. Bxc4 Bxc4 8. Qxc4 Ngf6 9. Nc3 a5 10. Nge2 axb4 11. axb4 Rxa1+ 12. Bxa1 Qe7 13. Ng3 Nb6 14. Qb5+ Qd7 15. Nf5 Qxb5 16. Nxb5 Kd7 17. Nbxd6 cxd6 18. d4 e4 19. d5 Nbxd5 20. O-O g6 21. Ng3 Rc8 22. Bd4 Ke6 23. b5 Rc4 24. b6 Rb4 25. Rd1 g5 26. f3 exf3 27. gxf3 Nd7 28. Ne4 h6 29. Nxd6 Kxd6 30. e4 Rb5 31. Bg7 h5 32. Kf2 f6 33. exd5 Rxd5 34. Rc1 Rb5 35. Rc8 Ke6 36. Rc7 Rxb6 37. f4 gxf4 38. Kf3 Rb4 39. Rc8 Ne5+ 40. Kg2 Rb2+ 41. Kh3 Ng4 0-1

[Event "FIDE WYCC Open U18 2023"]
[Site "Montesilvano"]
[Date "2023.11.22"]
[Round "9.28"]
[White "Krallis, Christos"]
[Black "Briem, Benedikt"]
[Result "1-0"]
[ECO "E11"]
[WhiteElo "2339"]
[BlackElo "2149"]
[Annotator "RC"]
[PlyCount "117"]
[EventDate "2023.11.13"]
[EventType "swiss"]
[EventCountry "ITA"]
[SourceTitle "playchess.com"]
[Source "ChessBase"]
[SourceQuality "1"]
[TimeControl "40/5400+30:1800+30"]

1. d4 d5 2. c4 e6 3. Nf3 Nf6 4. g3 Bb4+ 5. Bd2 Be7 6. Bg2 c6 7. Qc2 O-O 8. O-O Nbd7 9. Rc1 b6 10. a4 Bb7 11. a5 Rc8 12. axb6 axb6 13. Ra7 Ba8 14. Ne5 Nxe5 15. dxe5 Ng4 16. Bh3 Nxe5 17. cxd5 Bc5 18. dxe6 fxe6 19. Rf1 Rc7 20. Rxc7 Qxc7 21. Bf4 Bd6 22. Rd1 Nf7 23. Bxe6 Bxf4 24. Rd7 Qe5 25. Bxf7+ Kh8 26. gxf4 Qxf4 27. Qd2 Qg4+ 28. Kf1 Qh3+ 29. Ke1 Qf5 30. Qd3 Qg5 31. Nd2 c5 32. Qd6 Rc8 33. Bd5 h6 34. Qg3 Qf6 35. Qc3 Qg5 36. Bxa8 Rxa8 37. Nf3 Qg2 38. Qe5 Qg4 39. Rd1 Qg2 40. Qg3 Qh1+ 41. Qg1 Qxg1+ 42. Nxg1 Ra2 43. Rb1 b5 44. Nf3 c4 45. Kd2 b4 46. Kc2 g5 47. Ne5 c3 48. Nd3 cxb2 49. Rxb2 Ra5 50. Rxb4 Kh7 51. Rb6 Ra4 52. Nb4 Ra1 53. e4 Rh1 54. e5 Rxh2 55. Rf6 Kg7 56. Nd5 g4 57. Kd3 Rh1 58. Ne3 h5 59. Nf5+ 1-0

[Event "FIDE WYCC Open U18 2023"]
[Site "Montesilvano"]
[Date "2023.11.22"]
[Round "9.29"]
[White "Baranciuc, Alexandr"]
[Black "Pegno, Mattia"]
[Result "*"]
[ECO "D00"]
[WhiteElo "2338"]
[BlackElo "2155"]
[Annotator "RC"]
[PlyCount "100"]
[EventDate "2023.11.13"]
[EventType "swiss"]
[EventCountry "ITA"]
[SourceTitle "playchess.com"]
[Source "ChessBase"]
[SourceQuality "1"]
[TimeControl "40/5400+30:1800+30"]

1. d4 d5 2. Nc3 Nf6 3. Bf4 c5 4. e4 cxd4 5. Qxd4 Nc6 6. Bb5 Bd7 7. Bxc6 Bxc6 8. e5 Nd7 9. e6 fxe6 10. Nf3 Qb6 11. Be5 Qxd4 12. Bxd4 e5 13. Nxe5 e6 14. O-O-O Nxe5 15. Bxe5 Kf7 16. f4 Be7 17. Nb1 Bf6 18. Rhe1 Rad8 19. Rd4 Rhg8 20. Nd2 g5 21. Nf3 h6 22. g3 Rg6 23. Kd2 Re8 24. Ke3 Be7 25. Kd2 Bc5 26. Rd3 Rgg8 27. Bd4 Bd6 28. fxg5 hxg5 29. Bxa7 g4 30. Ne5+ Bxe5 31. Rxe5 Rh8 32. Bg1 Kf6 33. Bd4 Kg6 34. Rxe6+ Rxe6 35. Bxh8 Kf5 36. Bd4 Bb5 37. Rb3 Re2+ 38. Kd1 Ba6 39. Rxb7 Rxh2 40. Rf7+ Kg5 41. Bf2 Bc8 42. Rf4 Bf5 43. Kd2 Be4 44. a4 Bf3 45. Ke3 Rh1 46. Rb4 Kf5 47. Rf4+ Ke5 48. Kd3 Be4+ 49. Kc3 Rd1 50. Rxg4 Rc1 *

[Event "FIDE WYCC Open U18 2023"]
[Site "Montesilvano"]
[Date "2023.11.22"]
[Round "9.30"]
[White "Nied, Pascal"]
[Black "Frank, Adam"]
[Result "1/2-1/2"]
[ECO "C88"]
[WhiteElo "2172"]
[BlackElo "2330"]
[Annotator "RC"]
[PlyCount "97"]
[EventDate "2023.11.13"]
[EventType "swiss"]
[EventCountry "ITA"]
[SourceTitle "playchess.com"]
[Source "ChessBase"]
[SourceQuality "1"]
[TimeControl "40/5400+30:1800+30"]

1. e4 e5 2. Nf3 Nc6 3. Bb5 a6 4. Ba4 Nf6 5. O-O Be7 6. Re1 b5 7. Bb3 d6 8. a4 b4 9. d4 O-O 10. dxe5 dxe5 11. Nbd2 Bc5 12. h3 Qe7 13. Qe2 Be6 14. Bxe6 Qxe6 15. Qc4 Qxc4 16. Nxc4 Nd7 17. Be3 Bxe3 18. Rxe3 f6 19. Ne1 Nd4 20. b3 Nc5 21. Rd1 Rfd8 22. Rd2 Kf7 23. Nd3 Nxd3 24. Rexd3 g6 25. Kf1 Rab8 26. f4 Ke6 27. g4 Rd7 28. f5+ Ke7 29. Na5 Rd6 30. Nc4 Rdd8 31. Na5 Kf7 32. c3 bxc3 33. Rxc3 c6 34. Rd1 Kg7 35. Rdc1 Kh6 36. fxg6 Kxg6 37. h4 h5 38. gxh5+ Kxh5 39. Nxc6 Nxc6 40. Rxc6 Rxb3 41. Rxf6 Rd2 42. Rf2 Rd4 43. Rf5+ Kxh4 44. Rxe5 Rxa4 45. Rec5 Rxe4 46. R5c4 Rbe3 47. Rxe4+ Rxe4 48. Re1 Rxe1+ 49. Kxe1 1/2-1/2